Bruins vs Lightning

Created - 4 janvier 2019 at 23:42

Goals
1 2 3 T
Bruins 1 0 0 1
Lightning 0 2 1 3
Shots
1 2 3 T
Bruins 13 8 7 28
Lightning 11 12 15 38

1st period

1. Bruins , Niklas Kronwall 1 (Jake Debrusk 1, Noah Hanifin 7) at 6:15

Penalties :
Niklas Kronwall (BOS) for Interference (Minor) at 2:15, Victor Hedman (BOS) for Tripping (Minor) at 6:45, Chris Kunitz (TBL) for Fighting (Major) at 10:02, Aaron Ekblad (BOS) for Fighting (Major) at 10:02, Jeff Carter (TBL) for Charging (Minor) at 18:57

2nd period

2. Lightning , Logan Couture 15 (Trevor Daley 14, Andrej Sekera 15) at 3:23
3. Lightning , Johnny Gaudreau 14 (Kevin Shattenkirk 21, Jeff Carter 18) at 10:22

Penalties :
Erik Gudbranson (TBL) for Tripping (Minor) at 10:50, Deryk Engelland (TBL) for Hooking (Minor) at 13:15

3rd period

4. Lightning , Travis Zajac 12 (Kevin Shattenkirk 22, Drew Stafford 6) at 18:54

Penalties :
Erik Gudbranson (TBL) for Slashing (Minor) at 15:26, Ryan Spooner (BOS) for Cross-checking (Minor) at 19:02

Goalie Stats

Sergei Bobrovsky (BOS), 35 saves from 38 shots - (0.921), L, 16-11-3, 60:00 minutes
Kari Lehtonen (TBL), 27 saves from 28 shots - (0.964), W, 12-9-3, 60:00 minutes

Players Stats for Bruins

Player Name              G  A  P  +/- PIM S  H  SB GA TA FO     MP     PP MP  PK MP  
------------------------------------------------------------------------------------
Aaron Ekblad             0  0  0  -1  5   2  0  0  0  0  0/0    22:20   4:03   3:01 
Brendan Gallagher        0  0  0  -2  0   0  1  0  0  0  0/1    24:07   4:44   3:23 
Brock Boeser             0  0  0  -1  0   0  0  0  0  0  0/0    18:47   3:10   0:00 
Jake Debrusk             0  1  1   1  0   1  1  0  0  0  0/1    10:56   0:26   0:00 
Jake Guentzel            0  0  0   0  0   1  1  0  0  0  0/0     5:02   0:00   0:00 
Jamie Benn               0  0  0  -2  0   4  5  1  0  0  15/27  20:44   4:44   0:00 
Joel Eriksson Ek         0  0  0   0  0   1  0  0  0  0  0/1     6:34   0:00   1:32 
Kevin Fiala              0  0  0   1  0   2  0  1  0  0  1/1    10:30   0:00   0:00 
Markus Granlund          0  0  0  -1  0   3  4  0  0  0  0/4    17:18   0:00   1:41 
Nick Schmaltz            0  0  0   0  0   1  0  0  0  0  5/11    8:14   3:12   0:00 
Niklas Kronwall          1  0  1   0  2   2  1  0  0  0  0/0    13:09   0:00   0:26 
Noah Hanifin             0  1  1   0  0   1  3  0  0  0  0/0    14:15   0:00   0:00 
P.K. Subban              0  0  0  -1  0   1  2  0  0  0  0/0    23:11   3:53   2:22 
Patrice Bergeron         0  0  0  -1  0   5  4  0  0  0  15/28  20:41   4:44   0:20 
Ryan Spooner             0  0  0  -2  2   0  0  0  0  0  1/3    18:47   2:48   0:00 
Tomas Plekanec           0  0  0   1  0   0  2  0  0  0  13/19  13:24   0:00   2:54 
Torey Krug               0  0  0  -1  0   1  3  3  0  0  0/0    22:20   3:53   2:14 
Victor Hedman            0  0  0  -1  2   3  1  2  0  0  0/0    24:42   4:03   1:47 

Players Stats for Lightning

Player Name              G  A  P  +/- PIM S  H  SB GA TA FO     MP     PP MP  PK MP  
------------------------------------------------------------------------------------
Andrej Sekera            0  1  1   1  0   2  3  4  0  0  0/0    20:55   1:57   4:27 
Brad Hunt                0  0  0   0  0   0  0  0  0  0  0/0     0:00   0:00   0:00 
Brad Malone              0  0  0   1  0   0  1  0  0  0  1/1    15:37   0:00   2:48 
Chris Kunitz             0  0  0   1  5   8  2  0  0  0  0/5    17:34   2:52   1:00 
David Schlemko           0  0  0  -1  0   0  2  0  0  0  0/0    14:48   0:00   0:48 
Deryk Engelland          0  0  0  -1  2   0  2  1  0  0  0/0    16:40   0:00   2:41 
Drew Stafford            0  1  1   0  0   1  4  0  0  0  0/0    17:35   0:00   4:07 
Erik Gudbranson          0  0  0   2  4   0  3  1  0  0  0/0    21:34   2:58   0:00 
Henrik Zetterberg        0  0  0   0  0   1  0  0  0  0  1/7     4:26   0:00   1:31 
Jeff Carter              0  1  1   1  2   1  1  0  0  0  18/25  18:42   2:52   0:00 
Johnny Gaudreau          1  0  1   1  0   4  0  0  0  0  0/2    17:54   2:03   0:00 
Kevin Shattenkirk        0  2  2   2  0   3  1  1  0  0  0/0    25:40   2:58   4:04 
Logan Couture            1  0  1   1  0   6  1  0  0  0  12/24  16:58   2:03   0:00 
Matt Hendricks           0  0  0  -1  0   0  1  0  0  0  0/0     4:29   0:00   0:00 
Michael Grabner          0  0  0   1  0   3  2  0  0  0  0/0    19:35   2:52   1:31 
Patric Hornqvist         0  0  0   1  0   4  5  0  0  0  0/0    20:49   2:03   0:00 
Travis Zajac             1  0  1   0  0   4  0  0  0  0  14/32  18:23   0:00   4:55 
Trevor Daley             0  1  1   1  0   1  0  0  0  0  0/0    20:20   1:57   3:52 

3 Stars

1 - Kevin Shattenkirk (TBL)
2 - Kari Lehtonen (TBL)
3 - Logan Couture (TBL)

Power Play

Bruins - 0 on 4 Attempt(s) - 0.00%
Lightning - 0 on 3 Attempt(s) - 0.00%

Penalty Kill

Bruins - 3 on 3 Attempt(s) - 100.00% - Score 0 goal in Penalty Kill
Lightning - 4 on 4 Attempt(s) - 100.00% - Score 0 goal in Penalty Kill

Team Stat

Bruins - Hits : 28 - Faceoff Wins : 50 - Blocked Shots : 7 - Penalty Minutes : 11
Lightning - Hits : 28 - Faceoff Wins : 46 - Blocked Shots : 7 - Penalty Minutes : 13

Official

Referees : Justin StPierre and Ghislain Hebert
Linesman : Tony Sericolo and Brandon Gawryletz

Game Notes

Chris Kunitz beats up Aaron Ekblad at 10:02 of 1st period
Matt Hendricks is injured at 15:38 of 1st period (Bruised Left Leg)

Finance

Level 1 -- Attendance: 6500 (100.00%) -- Ticket Income 715 000 $
Level 2 -- Attendance: 3628 (72.56%) -- Ticket Income 344 660 $
Level 3 -- Attendance: 2130 (60.86%) -- Ticket Income 159 750 $
Level 4 -- Attendance: 2582 (80.59%) -- Ticket Income 116 190 $
Luxury Box -- Attendance: 466 (46.60%) -- Ticket Income 167 760 $
Game was played at the Amalie Arena.
Total Attendance: 15306 (79.70%)
Total Ticket Income: 1 503 360 $
Other Income: 736 646 $
Total Income: 2 240 006 $

% Time on Ice - Bruins

Lines # - Real PCT - Wanted PCT - Time Play
Normal Forward
1 - 34% - 40% - 16:00
2 - 33% - 30% - 15:37
3 - 22% - 20% - 10:30
4 - 11% - 10% - 5:02
Normal Defense
1 - 37% - 40% - 17:30
2 - 33% - 30% - 15:33
3 - 27% - 20% - 12:43
4 - 3% - 10% - 1:23
PP Forward
1 - 60% - 60% - 4:44
2 - 40% - 40% - 3:12
PP Defense
1 - 51% - 60% - 4:03
2 - 49% - 40% - 3:53
PK Forward
1 - 69% - 60% - 3:23
2 - 31% - 40% - 1:32
PK Defense
1 - 70% - 60% - 3:27
2 - 30% - 40% - 1:28
PK3 Forward
1 - 0% - 60%
2 - 0% - 40%
PK3 Defense
1 - 0% - 60%
2 - 0% - 40%
44 Forward
1 - 0% - 60%
2 - 0% - 40%
44 Defense
1 - 0% - 60%
2 - 0% - 40%
Last Minute Offensive  - 0:00
Last Minute Defensive  - 0:00
Total
Forward - 60:00
Defense - 60:00

% Time on Ice - Lightning

Lines # - Real PCT - Wanted PCT - Time Play
Normal Forward
1 - 34% - 37% - 15:51
2 - 32% - 33% - 14:55
3 - 29% - 17% - 13:28
4 - 6% - 13% - 2:55
Normal Defense
1 - 37% - 40% - 17:37
2 - 31% - 30% - 14:31
3 - 30% - 20% - 14:00
4 - 2% - 10% - 1:01
PP Forward
1 - 42% - 55% - 2:03
2 - 58% - 45% - 2:52
PP Defense
1 - 60% - 55% - 2:58
2 - 40% - 45% - 1:57
PK Forward
1 - 81% - 60% - 6:25
2 - 19% - 40% - 1:31
PK Defense
1 - 51% - 60% - 4:04
2 - 49% - 40% - 3:52
PK3 Forward
1 - 0% - 60%
2 - 0% - 40%
PK3 Defense
1 - 0% - 60%
2 - 0% - 40%
44 Forward
1 - 0% - 60%
2 - 0% - 40%
44 Defense
1 - 0% - 60%
2 - 0% - 40%
Last Minute Offensive  - 0:00
Last Minute Defensive  - 0:00
Total
Forward - 60:00
Defense - 60:00

Play-by-Play

1st period


0:01 of 1st period - Jamie Benn wins face-off versus Johnny Gaudreau in neutral zone.
0:09 of 1st period - Icing by Kevin Shattenkirk.
0:10 of 1st period - Jeff Carter wins face-off versus Patrice Bergeron in Lightning zone.
0:10 of 1st period - Jeff Carter is hit by Markus Granlund.
0:17 of 1st period - Kevin Shattenkirk is hit by P.K. Subban and loses puck.
0:21 of 1st period - Icing by P.K. Subban.
0:22 of 1st period - Patrice Bergeron wins face-off versus Chris Kunitz in Bruins zone.
0:22 of 1st period - Patrice Bergeron is hit by Chris Kunitz.
0:37 of 1st period - Shot by Michael Grabner.
0:37 of 1st period - Shot Misses the Net.
0:42 of 1st period - Icing by Patrice Bergeron.
0:43 of 1st period - Travis Zajac wins face-off versus Markus Granlund in Bruins zone.
0:55 of 1st period - Torey Krug is hit by Deryk Engelland and loses puck.
1:30 of 1st period - Shot by Victor Hedman.
1:30 of 1st period - Stopped by Kari Lehtonen without a rebound.
1:31 of 1st period - Jeff Carter wins face-off versus Tomas Plekanec in Lightning zone.
1:31 of 1st period - Jeff Carter is hit by Tomas Plekanec.
1:34 of 1st period - Icing by Johnny Gaudreau.
1:35 of 1st period - Tomas Plekanec wins face-off versus Jeff Carter in Lightning zone.
2:02 of 1st period - Shot by Kevin Fiala.
2:02 of 1st period - Stopped by Kari Lehtonen with a rebound.
2:09 of 1st period - Johnny Gaudreau is hit by Noah Hanifin and loses puck.
2:15 of 1st period - Minor Penalty to Niklas Kronwall for Interference.
2:16 of 1st period - Tomas Plekanec wins face-off versus Chris Kunitz in Bruins zone.
2:25 of 1st period - Shot by Chris Kunitz.
2:25 of 1st period - Stopped by Sergei Bobrovsky with a rebound.
2:27 of 1st period - Shot by Chris Kunitz.
2:27 of 1st period - Stopped by Sergei Bobrovsky without a rebound.
2:28 of 1st period - Tomas Plekanec wins face-off versus Logan Couture in Bruins zone.
3:16 of 1st period - Icing by Kevin Shattenkirk.
3:17 of 1st period - Jeff Carter wins face-off versus Markus Granlund in Lightning zone.
3:45 of 1st period - Shot by Brendan Gallagher.
3:45 of 1st period - Shot Blocked by Erik Gudbranson.
3:53 of 1st period - Victor Hedman is hit by Jeff Carter.
4:29 of 1st period - Shot by Jake Guentzel.
4:29 of 1st period - Deflect By Joel Eriksson Ek.
4:29 of 1st period - Stopped by Kari Lehtonen without a rebound.
4:30 of 1st period - Jamie Benn wins face-off versus Henrik Zetterberg in Lightning zone.
4:45 of 1st period - Shot by Patric Hornqvist.
4:45 of 1st period - Shot Misses the Net.
5:14 of 1st period - Icing by Andrej Sekera.
5:15 of 1st period - Patrice Bergeron wins face-off versus Henrik Zetterberg in Lightning zone.
5:56 of 1st period - Patrice Bergeron is hit by David Schlemko and loses puck.
6:13 of 1st period - Shot by Jake Debrusk.
6:13 of 1st period - Stopped by Kari Lehtonen with a rebound.
6:15 of 1st period - Shot by Niklas Kronwall.
6:15 of 1st period - Goal by Niklas Kronwall - Bruins : 1 - Lightning : 0.
6:16 of 1st period - Logan Couture wins face-off versus Nick Schmaltz in neutral zone.
6:40 of 1st period - Shot by Logan Couture.
6:40 of 1st period - Stopped by Sergei Bobrovsky with a rebound.
6:45 of 1st period - Minor Penalty to Victor Hedman for Tripping.
6:46 of 1st period - Logan Couture wins face-off versus Brendan Gallagher in Bruins zone.
6:57 of 1st period - Tomas Plekanec is hit by Logan Couture and loses puck.
7:33 of 1st period - Icing by Michael Grabner.
7:34 of 1st period - Jeff Carter wins face-off versus Markus Granlund in Lightning zone.
7:49 of 1st period - Michael Grabner is hit by Markus Granlund and loses puck.
8:08 of 1st period - Shot by Kevin Shattenkirk.
8:08 of 1st period - Stopped by Sergei Bobrovsky with a rebound.
8:10 of 1st period - Shot by Kevin Shattenkirk.
8:10 of 1st period - Shot Blocked by Torey Krug.
8:20 of 1st period - Shot by Patric Hornqvist.
8:20 of 1st period - Stopped by Sergei Bobrovsky with a rebound.
8:22 of 1st period - Shot by Trevor Daley.
8:22 of 1st period - Stopped by Sergei Bobrovsky without a rebound.
8:23 of 1st period - Logan Couture wins face-off versus Markus Granlund in Bruins zone.
8:36 of 1st period - Shot by Patric Hornqvist.
8:36 of 1st period - Stopped by Sergei Bobrovsky without a rebound.
8:37 of 1st period - Tomas Plekanec wins face-off versus Logan Couture in Bruins zone.
8:57 of 1st period - Shot by Markus Granlund.
8:57 of 1st period - Stopped by Kari Lehtonen without a rebound.
8:58 of 1st period - Jeff Carter wins face-off versus Nick Schmaltz in Lightning zone.
9:05 of 1st period - Shot by Johnny Gaudreau.
9:05 of 1st period - Stopped by Sergei Bobrovsky without a rebound.
9:06 of 1st period - Jamie Benn wins face-off versus Travis Zajac in Bruins zone.
9:06 of 1st period - Jamie Benn is hit by Matt Hendricks.
9:09 of 1st period - Ryan Spooner is hit by Drew Stafford and loses puck.
9:24 of 1st period - Shot by Travis Zajac.
9:24 of 1st period - Shot Misses the Net.
9:26 of 1st period - Shot by Matt Hendricks.
9:26 of 1st period - Shot Misses the Net.
9:39 of 1st period - Travis Zajac is hit by Noah Hanifin and loses puck.
9:44 of 1st period - Shot by Matt Hendricks.
9:44 of 1st period - Deflect By Travis Zajac.
9:44 of 1st period - Stopped by Sergei Bobrovsky without a rebound.
9:45 of 1st period - Tomas Plekanec wins face-off versus Logan Couture in Bruins zone.
9:45 of 1st period - Victor Hedman is hit by Chris Kunitz and loses puck.
10:02 of 1st period - Chris Kunitz beats up Aaron Ekblad.
10:02 of 1st period - Penalty to Chris Kunitz for Fighting.
10:02 of 1st period - Penalty to Aaron Ekblad for Fighting.
10:03 of 1st period - Patrice Bergeron wins face-off versus Jeff Carter in Lightning zone.
10:36 of 1st period - Shot by Markus Granlund.
10:36 of 1st period - Stopped by Kari Lehtonen without a rebound.
10:37 of 1st period - Logan Couture wins face-off versus Ryan Spooner in Lightning zone.
10:42 of 1st period - Jamie Benn is hit by Michael Grabner and loses puck.
10:57 of 1st period - Shot by Logan Couture.
10:57 of 1st period - Deflect By Michael Grabner.
10:57 of 1st period - Stopped by Sergei Bobrovsky without a rebound.
10:58 of 1st period - Tomas Plekanec wins face-off versus Travis Zajac in Bruins zone.
11:23 of 1st period - Tomas Plekanec is hit by Andrej Sekera and loses puck.
11:51 of 1st period - Icing by Torey Krug.
11:52 of 1st period - Jamie Benn wins face-off versus Jeff Carter in Bruins zone.
12:04 of 1st period - Patric Hornqvist is hit by Torey Krug and loses puck.
12:33 of 1st period - Johnny Gaudreau is hit by Torey Krug and loses puck.
12:44 of 1st period - Michael Grabner is hit by Jamie Benn and loses puck.
12:57 of 1st period - Shot by Logan Couture.
12:57 of 1st period - Deflect By Michael Grabner.
12:57 of 1st period - Shot Misses the Net.
13:02 of 1st period - Icing by Ryan Spooner.
13:03 of 1st period - Jamie Benn wins face-off versus Travis Zajac in Bruins zone.
13:40 of 1st period - Shot by Patrice Bergeron.
13:40 of 1st period - Stopped by Kari Lehtonen without a rebound.
13:41 of 1st period - Logan Couture wins face-off versus Tomas Plekanec in Lightning zone.
14:39 of 1st period - Nick Schmaltz is hit by Patric Hornqvist and loses puck.
14:46 of 1st period - Shot by Patric Hornqvist.
14:46 of 1st period - Shot Blocked by Torey Krug.
14:48 of 1st period - Shot by Jeff Carter.
14:48 of 1st period - Shot Misses the Net.
15:01 of 1st period - Icing by Deryk Engelland.
15:02 of 1st period - Jeff Carter wins face-off versus Patrice Bergeron in Lightning zone.
15:02 of 1st period - Jeff Carter is hit by Markus Granlund.
15:18 of 1st period - Shot by Patrice Bergeron.
15:18 of 1st period - Stopped by Kari Lehtonen without a rebound.
15:19 of 1st period - Jamie Benn wins face-off versus Travis Zajac in Lightning zone.
15:37 of 1st period - Matt Hendricks is hit by Jamie Benn.
15:38 of 1st period - Matt Hendricks from Lightning is injured at 15:38 of 1st period (Bruised Left Leg).
15:39 of 1st period - Patrice Bergeron wins face-off versus Logan Couture in neutral zone.
16:43 of 1st period - Icing by Andrej Sekera.
16:44 of 1st period - Jamie Benn wins face-off versus Jeff Carter in Lightning zone.
16:50 of 1st period - Icing by Johnny Gaudreau.
16:51 of 1st period - Jamie Benn wins face-off versus Jeff Carter in Lightning zone.
17:02 of 1st period - Shot by P.K. Subban.
17:02 of 1st period - Shot Blocked by Andrej Sekera.
17:14 of 1st period - Shot by Johnny Gaudreau.
17:14 of 1st period - Shot Misses the Net.
17:27 of 1st period - Icing by Torey Krug.
17:28 of 1st period - Logan Couture wins face-off versus Jamie Benn in Bruins zone.
18:07 of 1st period - Shot by Logan Couture.
18:07 of 1st period - Deflect By Chris Kunitz.
18:07 of 1st period - Stopped by Sergei Bobrovsky without a rebound.
18:08 of 1st period - Patrice Bergeron wins face-off versus Travis Zajac in Bruins zone.
18:16 of 1st period - Markus Granlund is hit by Drew Stafford and loses puck.
18:33 of 1st period - Shot by Travis Zajac.
18:33 of 1st period - Shot Misses the Net.
18:56 of 1st period - Markus Granlund is hit by Patric Hornqvist and loses puck.
18:57 of 1st period - Minor Penalty to Jeff Carter for Charging.
18:58 of 1st period - Nick Schmaltz wins face-off versus Travis Zajac in Lightning zone.
18:59 of 1st period - Shot by Torey Krug.
18:59 of 1st period - Stopped by Kari Lehtonen without a rebound.
19:00 of 1st period - Jamie Benn wins face-off versus Travis Zajac in Lightning zone.
19:03 of 1st period - Shot by Jamie Benn.
19:03 of 1st period - Deflect By Patrice Bergeron.
19:03 of 1st period - Stopped by Kari Lehtonen without a rebound.
19:04 of 1st period - Patrice Bergeron wins face-off versus Travis Zajac in Lightning zone.
19:11 of 1st period - Shot by Brendan Gallagher.
19:11 of 1st period - Shot Blocked by Andrej Sekera.
19:13 of 1st period - Shot by P.K. Subban.
19:13 of 1st period - Stopped by Kari Lehtonen with a rebound.
19:17 of 1st period - Shot by P.K. Subban.
19:17 of 1st period - Shot Misses the Net.
19:19 of 1st period - Shot by P.K. Subban.
19:19 of 1st period - Shot Blocked by Andrej Sekera.
19:37 of 1st period - Shot by Jamie Benn.
19:37 of 1st period - Shot Misses the Net.
19:39 of 1st period - Shot by Jamie Benn.
19:39 of 1st period - Stopped by Kari Lehtonen with a rebound.
Goals for this period are 1 for Bruins vs 0 for Lightning.
Shots for this period are 13 for Bruins vs 11 for Lightning.

2nd period


0:01 of 2nd period - Travis Zajac wins face-off versus Patrice Bergeron in neutral zone.
0:03 of 2nd period - Kevin Shattenkirk is hit by Victor Hedman and loses puck.
0:39 of 2nd period - Jamie Benn is hit by Deryk Engelland and loses puck.
0:53 of 2nd period - Icing by Torey Krug.
0:54 of 2nd period - Travis Zajac wins face-off versus Nick Schmaltz in Bruins zone.
2:18 of 2nd period - Shot by Nick Schmaltz.
2:18 of 2nd period - Stopped by Kari Lehtonen without a rebound.
2:19 of 2nd period - Travis Zajac wins face-off versus Jamie Benn in Lightning zone.
2:19 of 2nd period - Travis Zajac is hit by Brendan Gallagher.
2:25 of 2nd period - Jamie Benn is hit by Brad Malone and loses puck.
2:41 of 2nd period - Icing by Aaron Ekblad.
2:42 of 2nd period - Logan Couture wins face-off versus Jamie Benn in Bruins zone.
2:43 of 2nd period - Shot by Chris Kunitz.
2:43 of 2nd period - Stopped by Sergei Bobrovsky without a rebound.
2:44 of 2nd period - Patrice Bergeron wins face-off versus Logan Couture in Bruins zone.
3:17 of 2nd period - Shot by Michael Grabner.
3:17 of 2nd period - Deflect By Logan Couture.
3:17 of 2nd period - Shot Misses the Net.
3:19 of 2nd period - Shot by Andrej Sekera.
3:19 of 2nd period - Stopped by Sergei Bobrovsky with a rebound.
3:23 of 2nd period - Shot by Logan Couture.
3:23 of 2nd period - Goal by Logan Couture - Bruins : 1 - Lightning : 1.
3:24 of 2nd period - Jeff Carter wins face-off versus Jamie Benn in neutral zone.
3:24 of 2nd period - Jeff Carter is hit by Jamie Benn.
3:58 of 2nd period - Shot by Jamie Benn.
3:58 of 2nd period - Stopped by Kari Lehtonen without a rebound.
3:59 of 2nd period - Travis Zajac wins face-off versus Tomas Plekanec in Lightning zone.
4:03 of 2nd period - Icing by David Schlemko.
4:04 of 2nd period - Patrice Bergeron wins face-off versus Travis Zajac in Lightning zone.
4:07 of 2nd period - Shot by Brock Boeser.
4:07 of 2nd period - Shot Blocked by Deryk Engelland.
5:57 of 2nd period - Icing by Jamie Benn.
5:58 of 2nd period - Jamie Benn wins face-off versus Logan Couture in Bruins zone.
6:02 of 2nd period - Brendan Gallagher is hit by Andrej Sekera and loses puck.
6:30 of 2nd period - Shot by Jamie Benn.
6:30 of 2nd period - Shot Misses the Net.
8:04 of 2nd period - Off-side.
8:05 of 2nd period - Jamie Benn wins face-off versus Logan Couture in neutral zone.
8:17 of 2nd period - Shot by Trevor Daley.
8:17 of 2nd period - Shot Blocked by Torey Krug.
8:50 of 2nd period - P.K. Subban is hit by Patric Hornqvist and loses puck.
8:54 of 2nd period - Torey Krug is hit by Patric Hornqvist and loses puck.
8:58 of 2nd period - P.K. Subban is hit by Erik Gudbranson and loses puck.
9:11 of 2nd period - Icing by Tomas Plekanec.
9:12 of 2nd period - Travis Zajac wins face-off versus Tomas Plekanec in Bruins zone.
9:13 of 2nd period - Shot by Drew Stafford.
9:13 of 2nd period - Deflect By Travis Zajac.
9:13 of 2nd period - Stopped by Sergei Bobrovsky without a rebound.
9:14 of 2nd period - Tomas Plekanec wins face-off versus Travis Zajac in Bruins zone.
9:14 of 2nd period - Victor Hedman is hit by Drew Stafford.
9:22 of 2nd period - Shot by Drew Stafford.
9:22 of 2nd period - Stopped by Sergei Bobrovsky without a rebound.
9:23 of 2nd period - Patrice Bergeron wins face-off versus Travis Zajac in Bruins zone.
9:36 of 2nd period - Icing by Trevor Daley.
9:37 of 2nd period - Tomas Plekanec wins face-off versus Travis Zajac in Lightning zone.
9:56 of 2nd period - Off-side.
9:57 of 2nd period - Jeff Carter wins face-off versus Jamie Benn in neutral zone.
10:00 of 2nd period - Shot by Johnny Gaudreau.
10:00 of 2nd period - Stopped by Sergei Bobrovsky without a rebound.
10:01 of 2nd period - Logan Couture wins face-off versus Jamie Benn in Bruins zone.
10:08 of 2nd period - Shot by Chris Kunitz.
10:08 of 2nd period - Stopped by Sergei Bobrovsky without a rebound.
10:09 of 2nd period - Jeff Carter wins face-off versus Jamie Benn in Bruins zone.
10:22 of 2nd period - Shot by Johnny Gaudreau.
10:22 of 2nd period - Goal by Johnny Gaudreau - Bruins : 1 - Lightning : 2.
10:23 of 2nd period - Patrice Bergeron wins face-off versus Logan Couture in neutral zone.
10:36 of 2nd period - Shot by Logan Couture.
10:36 of 2nd period - Stopped by Sergei Bobrovsky without a rebound.
10:37 of 2nd period - Jamie Benn wins face-off versus Jeff Carter in Bruins zone.
10:48 of 2nd period - Brendan Gallagher is hit by Erik Gudbranson and loses puck.
10:50 of 2nd period - Minor Penalty to Erik Gudbranson for Tripping.
10:51 of 2nd period - Travis Zajac wins face-off versus Patrice Bergeron in Lightning zone.
10:51 of 2nd period - Travis Zajac is hit by Jamie Benn.
11:08 of 2nd period - Icing by Victor Hedman.
11:09 of 2nd period - Patrice Bergeron wins face-off versus Travis Zajac in Bruins zone.
12:37 of 2nd period - Shot by Patrice Bergeron.
12:37 of 2nd period - Stopped by Kari Lehtonen without a rebound.
12:38 of 2nd period - Travis Zajac wins face-off versus Patrice Bergeron in Lightning zone.
13:12 of 2nd period - Shot by Niklas Kronwall.
13:12 of 2nd period - Shot Misses the Net.
13:15 of 2nd period - Minor Penalty to Deryk Engelland for Hooking.
13:16 of 2nd period - Nick Schmaltz wins face-off versus Travis Zajac in Lightning zone.
14:33 of 2nd period - Shot by Victor Hedman.
14:33 of 2nd period - Stopped by Kari Lehtonen without a rebound.
14:34 of 2nd period - Nick Schmaltz wins face-off versus Travis Zajac in Lightning zone.
14:37 of 2nd period - Shot by Brock Boeser.
14:37 of 2nd period - Shot Misses the Net.
14:39 of 2nd period - Shot by Victor Hedman.
14:39 of 2nd period - Stopped by Kari Lehtonen with a rebound.
14:45 of 2nd period - Shot by Aaron Ekblad.
14:45 of 2nd period - Shot Misses the Net.
14:47 of 2nd period - Shot by Aaron Ekblad.
14:47 of 2nd period - Stopped by Kari Lehtonen without a rebound.
14:48 of 2nd period - Patrice Bergeron wins face-off versus Henrik Zetterberg in Lightning zone.
15:11 of 2nd period - Shot by P.K. Subban.
15:11 of 2nd period - Deflect By Jamie Benn.
15:11 of 2nd period - Shot Misses the Net.
15:13 of 2nd period - Shot by Jamie Benn.
15:13 of 2nd period - Shot Misses the Net.
15:31 of 2nd period - Shot by Noah Hanifin.
15:31 of 2nd period - Shot Misses the Net.
15:33 of 2nd period - Shot by Tomas Plekanec.
15:33 of 2nd period - Shot Misses the Net.
15:37 of 2nd period - Shot by Kevin Fiala.
15:37 of 2nd period - Shot Blocked by Kevin Shattenkirk.
15:44 of 2nd period - Shot by Kevin Fiala.
15:44 of 2nd period - Stopped by Kari Lehtonen without a rebound.
15:45 of 2nd period - Logan Couture wins face-off versus Joel Eriksson Ek in Lightning zone.
15:45 of 2nd period - Logan Couture is hit by Jake Guentzel.
16:01 of 2nd period - Shot by Logan Couture.
16:01 of 2nd period - Stopped by Sergei Bobrovsky without a rebound.
16:02 of 2nd period - Henrik Zetterberg wins face-off versus Patrice Bergeron in Bruins zone.
16:13 of 2nd period - Shot by Henrik Zetterberg.
16:13 of 2nd period - Stopped by Sergei Bobrovsky without a rebound.
16:14 of 2nd period - Logan Couture wins face-off versus Jamie Benn in Bruins zone.
17:17 of 2nd period - Off-side.
17:18 of 2nd period - Tomas Plekanec wins face-off versus Johnny Gaudreau in neutral zone.
17:27 of 2nd period - Johnny Gaudreau is hit by Niklas Kronwall and loses puck.
17:37 of 2nd period - Kevin Fiala is hit by Kevin Shattenkirk and loses puck.
17:53 of 2nd period - Icing by Kevin Shattenkirk.
17:54 of 2nd period - Jeff Carter wins face-off versus Patrice Bergeron in Lightning zone.
18:26 of 2nd period - Shot by Markus Granlund.
18:26 of 2nd period - Stopped by Kari Lehtonen with a rebound.
18:54 of 2nd period - Deryk Engelland is hit by Patrice Bergeron.
19:31 of 2nd period - Torey Krug is hit by Michael Grabner and loses puck.
19:36 of 2nd period - Shot by Logan Couture.
19:36 of 2nd period - Stopped by Sergei Bobrovsky without a rebound.
19:37 of 2nd period - Jamie Benn wins face-off versus Logan Couture in Bruins zone.
19:58 of 2nd period - Brendan Gallagher is hit by Andrej Sekera and loses puck.
Goals for this period are 0 for Bruins vs 2 for Lightning.
Shots for this period are 8 for Bruins vs 12 for Lightning.

3rd period


0:01 of 3rd period - Jeff Carter wins face-off versus Jamie Benn in neutral zone.
0:22 of 3rd period - Shot by Jeff Carter.
0:22 of 3rd period - Shot Blocked by Jamie Benn.
1:02 of 3rd period - Shot by Chris Kunitz.
1:02 of 3rd period - Stopped by Sergei Bobrovsky without a rebound.
1:03 of 3rd period - Kevin Fiala wins face-off versus Chris Kunitz in Bruins zone.
1:25 of 3rd period - Andrej Sekera is hit by Noah Hanifin and loses puck.
2:00 of 3rd period - Brad Malone is hit by Jake Debrusk and loses puck.
2:31 of 3rd period - Travis Zajac is hit by Markus Granlund and loses puck.
4:21 of 3rd period - Shot by P.K. Subban.
4:21 of 3rd period - Shot Misses the Net.
4:29 of 3rd period - Brendan Gallagher is hit by Drew Stafford and loses puck.
5:10 of 3rd period - Shot by Jeff Carter.
5:10 of 3rd period - Deflect By Johnny Gaudreau.
5:10 of 3rd period - Stopped by Sergei Bobrovsky without a rebound.
5:11 of 3rd period - Tomas Plekanec wins face-off versus Henrik Zetterberg in Bruins zone.
5:19 of 3rd period - Icing by Trevor Daley.
5:20 of 3rd period - Nick Schmaltz wins face-off versus Henrik Zetterberg in Lightning zone.
6:06 of 3rd period - Shot by Noah Hanifin.
6:06 of 3rd period - Stopped by Kari Lehtonen without a rebound.
6:07 of 3rd period - Tomas Plekanec wins face-off versus Logan Couture in Lightning zone.
6:07 of 3rd period - Tomas Plekanec is hit by Erik Gudbranson.
6:43 of 3rd period - Shot by Logan Couture.
6:43 of 3rd period - Shot Blocked by Kevin Fiala.
6:45 of 3rd period - Shot by Michael Grabner.
6:45 of 3rd period - Stopped by Sergei Bobrovsky without a rebound.
6:46 of 3rd period - Travis Zajac wins face-off versus Jamie Benn in Bruins zone.
7:00 of 3rd period - Shot by Jamie Benn.
7:00 of 3rd period - Shot Misses the Net.
7:02 of 3rd period - Shot by Niklas Kronwall.
7:02 of 3rd period - Stopped by Kari Lehtonen without a rebound.
7:03 of 3rd period - Travis Zajac wins face-off versus Patrice Bergeron in Lightning zone.
7:03 of 3rd period - Travis Zajac is hit by Patrice Bergeron.
7:29 of 3rd period - Shot by Chris Kunitz.
7:29 of 3rd period - Stopped by Sergei Bobrovsky without a rebound.
7:30 of 3rd period - Jeff Carter wins face-off versus Jamie Benn in Bruins zone.
7:32 of 3rd period - Patric Hornqvist is hit by Torey Krug and loses puck.
7:59 of 3rd period - Shot by Kevin Shattenkirk.
7:59 of 3rd period - Stopped by Sergei Bobrovsky without a rebound.
8:00 of 3rd period - Travis Zajac wins face-off versus Patrice Bergeron in Bruins zone.
8:07 of 3rd period - Shot by Travis Zajac.
8:07 of 3rd period - Shot Blocked by Victor Hedman.
8:32 of 3rd period - Shot by Patrice Bergeron.
8:32 of 3rd period - Stopped by Kari Lehtonen without a rebound.
8:33 of 3rd period - Jamie Benn wins face-off versus Logan Couture in Lightning zone.
9:23 of 3rd period - P.K. Subban is hit by Patric Hornqvist and loses puck.
9:41 of 3rd period - Icing by Jeff Carter.
9:42 of 3rd period - Jeff Carter wins face-off versus Patrice Bergeron in Lightning zone.
9:44 of 3rd period - Icing by Patric Hornqvist.
9:45 of 3rd period - Jeff Carter wins face-off versus Patrice Bergeron in Lightning zone.
9:45 of 3rd period - Jeff Carter is hit by Patrice Bergeron.
9:58 of 3rd period - Icing by Deryk Engelland.
9:59 of 3rd period - Jeff Carter wins face-off versus Jake Debrusk in Lightning zone.
10:31 of 3rd period - Niklas Kronwall is hit by David Schlemko and loses puck.
10:45 of 3rd period - Icing by Tomas Plekanec.
10:46 of 3rd period - Tomas Plekanec wins face-off versus Chris Kunitz in Bruins zone.
11:40 of 3rd period - Shot by Jamie Benn.
11:40 of 3rd period - Stopped by Kari Lehtonen without a rebound.
11:41 of 3rd period - Travis Zajac wins face-off versus Patrice Bergeron in Lightning zone.
11:41 of 3rd period - Travis Zajac is hit by Patrice Bergeron.
11:58 of 3rd period - Travis Zajac is hit by P.K. Subban and loses puck.
12:01 of 3rd period - Shot by Travis Zajac.
12:01 of 3rd period - Shot Misses the Net.
12:03 of 3rd period - Shot by Andrej Sekera.
12:03 of 3rd period - Stopped by Sergei Bobrovsky without a rebound.
12:04 of 3rd period - Jeff Carter wins face-off versus Nick Schmaltz in Bruins zone.
12:35 of 3rd period - Shot by Jake Guentzel.
12:35 of 3rd period - Stopped by Kari Lehtonen with a rebound.
12:50 of 3rd period - Off-side.
12:51 of 3rd period - Travis Zajac wins face-off versus Jamie Benn in neutral zone.
13:08 of 3rd period - Shot by Travis Zajac.
13:08 of 3rd period - Stopped by Sergei Bobrovsky without a rebound.
13:09 of 3rd period - Logan Couture wins face-off versus Patrice Bergeron in Bruins zone.
13:24 of 3rd period - Shot by Patrice Bergeron.
13:24 of 3rd period - Shot Blocked by Andrej Sekera.
13:45 of 3rd period - Shot by Chris Kunitz.
13:45 of 3rd period - Stopped by Sergei Bobrovsky with a rebound.
13:47 of 3rd period - Shot by Trevor Daley.
13:47 of 3rd period - Shot Misses the Net.
14:13 of 3rd period - Icing by Aaron Ekblad.
14:14 of 3rd period - Jamie Benn wins face-off versus Travis Zajac in Bruins zone.
14:21 of 3rd period - Brad Malone is hit by Jamie Benn and loses puck.
14:32 of 3rd period - Shot by Jamie Benn.
14:32 of 3rd period - Stopped by Kari Lehtonen with a rebound.
14:56 of 3rd period - Shot by Brendan Gallagher.
14:56 of 3rd period - Shot Misses the Net.
15:09 of 3rd period - Off-side.
15:10 of 3rd period - Jeff Carter wins face-off versus Nick Schmaltz in neutral zone.
15:26 of 3rd period - Minor Penalty to Erik Gudbranson for Slashing.
15:27 of 3rd period - Nick Schmaltz wins face-off versus Travis Zajac in Lightning zone.
16:25 of 3rd period - Shot by Aaron Ekblad.
16:25 of 3rd period - Stopped by Kari Lehtonen with a rebound.
16:59 of 3rd period - Icing by P.K. Subban.
17:00 of 3rd period - Brad Malone wins face-off versus Nick Schmaltz in Bruins zone.
17:16 of 3rd period - Off-side.
17:17 of 3rd period - Patrice Bergeron wins face-off versus Travis Zajac in neutral zone.
17:27 of 3rd period - Icing by Andrej Sekera.
17:28 of 3rd period - Jeff Carter wins face-off versus Tomas Plekanec in Lightning zone.
17:28 of 3rd period - Jeff Carter is hit by Tomas Plekanec.
17:46 of 3rd period - Shot by Patric Hornqvist.
17:46 of 3rd period - Stopped by Sergei Bobrovsky with a rebound.
17:48 of 3rd period - Shot by Jeff Carter.
17:48 of 3rd period - Stopped by Sergei Bobrovsky without a rebound.
17:49 of 3rd period - Patrice Bergeron wins face-off versus Logan Couture in Bruins zone.
18:09 of 3rd period - Shot by Logan Couture.
18:09 of 3rd period - Shot Misses the Net.
18:19 of 3rd period - Shot by Michael Grabner.
18:19 of 3rd period - Stopped by Sergei Bobrovsky with a rebound.
18:22 of 3rd period - Icing by Victor Hedman.
18:23 of 3rd period - Patrice Bergeron wins face-off versus Henrik Zetterberg in Bruins zone.
18:46 of 3rd period - Shot by Patric Hornqvist.
18:46 of 3rd period - Stopped by Sergei Bobrovsky without a rebound.
18:47 of 3rd period - Travis Zajac wins face-off versus Ryan Spooner in Bruins zone.
18:54 of 3rd period - Shot by Travis Zajac.
18:54 of 3rd period - Goal by Travis Zajac - Bruins : 1 - Lightning : 3.
18:55 of 3rd period - Ryan Spooner wins face-off versus Chris Kunitz in neutral zone.
19:02 of 3rd period - Minor Penalty to Ryan Spooner for Cross-checking.
19:03 of 3rd period - Logan Couture wins face-off versus Tomas Plekanec in Bruins zone.
19:08 of 3rd period - Shot by Kevin Shattenkirk.
19:08 of 3rd period - Shot Blocked by Victor Hedman.
19:10 of 3rd period - Shot by Logan Couture.
19:10 of 3rd period - Stopped by Sergei Bobrovsky with a rebound.
19:12 of 3rd period - Shot by Kevin Shattenkirk.
19:12 of 3rd period - Stopped by Sergei Bobrovsky without a rebound.
19:13 of 3rd period - Tomas Plekanec wins face-off versus Jeff Carter in Bruins zone.
Goals for this period are 0 for Bruins vs 1 for Lightning.
Shots for this period are 7 for Bruins vs 15 for Lightning.